 Dungeon Crawl Stone Soup version 0.22.1-2-g9c5b331383 (webtiles) character file.

136 Marnok the Ruffian (level 4, -3/35 HPs)
             Began as a Draconian Transmuter on Nov 22, 2018.
             Was an Initiate of Wu Jian.
             Killed from afar by a white imp (10 damage)
             ... with a puff of frost
             ... summoned by Natasha
             ... on level 3 of the Dungeon.
             The game lasted 00:17:13 (2297 turns).

Marnok the Ruffian (Draconian Transmuter)           Turns: 2297, Time: 00:17:14

Health: -3/35      AC:  0    Str: 11 (12) XL:     4   Next: 98%
Magic:  7/7        EV: 20    Int: 12 (13) God:    Wu Jian [......]
Gold:   248        SH:  0    Dex: 15 (16) Spells: 6/7 levels left

rFire    . . .     SeeInvis .     - Unarmed
rCold    . . .     Gourm    .   (shield currently unavailable)
rNeg     . . .     Faith    .   (armour unavailable)
rPois    .         Spirit   .   (helmet currently unavailable)
rElec    .         Reflect  .   (cloak currently unavailable)
rCorr    .         Harm     .   (gloves currently unavailable)
MR       .....                  (boots currently unavailable)
Stlth    +.........             (no amulet)
HPRegen  0.11/turn              (ring currently unavailable)
MPRegen  0.10/turn              (ring currently unavailable)

@: bat-form, flying, very quick
A: tiny, unfitting armour, dopey 1, AC +5
a: Renounce Religion


You were on level 3 of the Dungeon.
You worshipped Wu Jian.
Wu Jian was noncommittal.
You were not hungry.
You were in bat-form.
You visited 1 branch of the dungeon, and saw 4 of its levels.

You collected 248 gold pieces.

Inventory:

Hand Weapons
 q - a +0 hunting sling
 s - a +1 hunting sling
Missiles
 a - 75 arrows
 h - 12 poisoned needles
 t - 51 stones (quivered)
 u - 8 tomahawks of dispersal
Armour
 b - a +0 robe
 i - a +0 leather armour
 v - a +0 pair of boots (melded)
Jewellery
 k - a ring of poison resistance (melded)
 m - a ring of wizardry (melded)
 o - an uncursed ring of see invisible {unknown}
Scrolls
 g - a scroll of amnesia {unknown}
 l - a scroll of fear {unknown}
 n - 2 scrolls of remove curse
 p - 2 scrolls of magic mapping
 r - 2 scrolls of identify
Potions
 d - a potion of mutation
 e - 2 potions of degeneration
 j - a potion of lignification {unknown}
 w - 2 potions of curing
Comestibles
 c - 3 rations
 x - a chunk of flesh


   Skills:
 + Level 1.5 Fighting
 + Level 2.7 Dodging
 + Level 0.2 Stealth
 + Level 4.7 Unarmed Combat
 + Level 2.3 Spellcasting
 + Level 2.1 Transmutations


You had 6 spell levels left.
You knew the following spells:

 Your Spells              Type           Power        Failure   Level  Hunger
a - Beastly Appendage     Tmut           #.....       11%         1    ##.....

Your spell library contained the following spells:

 Spells                   Type           Power        Failure   Level  Hunger
 Sticks to Snakes         Tmut           #.......     16%         2    ###....
 Spider Form              Tmut/Pois      #.........   45%         3    ####...
 Ice Form                 Ice/Tmut       #.......     86%         4    #####..
 Blade Hands              Tmut           #.........   96%         5    ######.


Dungeon Overview and Level Annotations

Branches:
Dungeon (4/15)             Temple (0/1) D:4

Altars:
Dithmenos
Wu Jian

Annotations:
D:3 2 transporters, Natasha; hemabe's ghost, amateur HuAr


Innate Abilities, Weirdness & Mutations

((Your plain brown scales are hard. (AC +5)))
You cannot fit into any form of body armour.
((You are cold-blooded and may be slowed by cold attacks.))
((You have large cloven feet.))
You are dopey. (Int -2)


Message History

The bat completely misses you.
Natasha mumbles some strange words.
You hit Natasha but do no damage.
Natasha is lightly wounded.
The bat misses you. The bat hits you. Natasha casts a spell at you.
The magic dart hits you!
You hit the bat but do no damage. The bat barely misses you.
The bat misses you. The white imp gestures at you. The puff of frost hits you!
* * * LOW HITPOINT WARNING * * *
The bat completely misses you.
As you read the scroll labeled SYEPRIJARE, it crumbles to dust.
It is a scroll of enchant weapon.
Your uncursed hunting sling glows red for a moment.
The bat closely misses you. Natasha closely misses you.
The white imp gestures at you. The puff of frost hits you!
You die...

.......#*#...h)...........######.
.......#*###.)####...............
.....#..........##......####.....
#...##..........#......## #.....
#..##*.................# #.....
##.,**..........##.....## #...).
##,**..........##......# #.....
*,*,.........b##......##*##.#.#
*##.*,,,,......hb.........##..#.#
*,..,,,,,.......#..######.##.##.#
,,#.#*,,,.....5.#..######.<..##.#
,*#..*,,,....................##.#
,###.####......#.......###..#...#
,#........##......####..##..#.###
*#.......##.)##...# *#........##
##....<.....#*#.#.##**####..##...
.........####*#.#,...###*#.......


You could see Natasha, a white imp and a bat.

Vanquished Creatures
  A hound (D:2)
  An orc wizard (D:3)
  An adder (D:2)
  An ooze (D:3)
  2 dart slugs (D:1)
  6 orcs (D:3)
  4 giant cockroaches
  5 goblins
  4 hobgoblins
  4 jackals
  8 kobolds
  A quokka (D:3)
  7 bats
  4 frilled lizards
  6 rats
55 creatures vanquished.

Vanquished Creatures (others)
  2 leopard geckos (D:1)
2 creatures vanquished.

Grand Total: 57 creatures vanquished

Notes
Turn   | Place    | Note
-------+----------+-------------------------------------------
     0 | D:1      | Marnok the Draconian Transmuter began the quest for the
                  | Orb.
     0 | D:1      | Reached XP level 1. HP: 16/16 MP: 3/3
   229 | D:1      | Reached XP level 2. HP: 16/23 MP: 5/5
   800 | D:3      | Noticed Natasha
   853 | D:3      | Reached XP level 3. HP: 25/28 MP: 6/6
   885 | D:2      | Reached skill level 4 in Unarmed Combat
   976 | D:2      | Gained mutation: You are dopey. (Int -2) [potion of
                  | mutation]
   976 | D:2      | Gained mutation: You have large cloven feet. [potion of
                  | mutation]
   980 | D:2      | Reached XP level 4. HP: 30/35 MP: 7/7
  1568 | D:3      | Found an ornate altar of the Wu Jian Council.
  1568 | D:3      | Found a shadowy altar of Dithmenos.
  1623 | D:3      | Became a worshipper of the Wu Jian Council
  1662 | D:3      | HP: 1/35 [Natasha (8)]
  2071 | D:4      | Found a staircase to the Ecumenical Temple.
  2173 | D:3      | Noticed hemabe's ghost (amateur HuAr)
  2174 | D:3      | Found a transporter.
  2174 | D:3      | Found a transporter.
  2174 | D:3      | Noticed an ogre
  2175 | D:3      | Noticed an ogre
  2177 | D:3      | Noticed an ogre
  2297 | D:3      | Killed from afar by a white imp

Skill      XL: |  1  2  3 |
---------------+----------+-----
Dodging        | 2 |  2.7
Unarmed Combat | 4 |  4.7
Fighting       | |  1.5
Stealth        | |  0.2
Spellcasting   | |  2.3
Transmutations | |  2.1

Action                   |  1- 3 |  4- 6 || total
-------------------------+-------+-------++-------
Melee: Unarmed           |   104 |   113 ||   217
       Tailslap          |    10 |     4 ||    14
       Punch             |     1 |     2 ||     3
       Kick              |       |    11 ||    11
Invok: Lunge             |       |     3 ||     3
  Use: Potion            |     4 |     1 ||     5
       Scroll            |       |     7 ||     7
  Eat: Ration            |       |     1 ||     1
       Chunk             |       |     1 ||     1
Armor: Skin              |    39 |    53 ||    92
Dodge: Dodged            |    90 |    79 ||   169
